 Dungeon Crawl Stone Soup version 0.27-a0-965-gbf8bb431c4 (webtiles) character file.

Game seed: 1193216102651468960

49 spiderkeys the Conjurer (level 3, -4/23 HPs)
             Began as an Octopode Conjurer on Apr 12, 2021.
             Slain by a kobold
             ... wielding a +0 whip
              (6 damage)
             ... on level 2 of the Dungeon.
             The game lasted 00:01:10 (1270 turns).

spiderkeys the Conjurer (Octopode Conjurer)         Turns: 1270, Time: 00:01:10

Health: -4/23      AC:  1    Str:  6    XL:     3   Next: 75%
Magic:  1/6        EV: 13    Int: 21    God:
Gold:   33         SH:  0    Dex: 10    Spells: 5/6 levels left

rFire    . . .     SeeInvis .   (no weapon)
rCold    . . .     Faith    .   (no shield)
rNeg     . . .     Spirit   .   (helmet restricted)
rPois    .         Reflect  .   (no amulet)
rElec    .         Harm     .   b - ring of resist corrosion
rCorr    +         Rampage  .   (no ring)
Will     .....                  (no ring)
Stlth    +++.......             (no ring)
HPRegen  0.07/turn              (no ring)
MPRegen  0.10/turn              (no ring)
                                (no ring)
                                (no ring)

@: no status effects
A: almost no armour, amphibious, 8 rings, camouflage 1, gelatinous body 1,
(nimble swimmer 1), tentacles
a: no special abilities


You were on level 2 of the Dungeon.
You visited 1 branch of the dungeon, and saw 2 of its levels.

You collected 33 gold pieces.

Inventory:

Jewellery
 b - a ring of resist corrosion (left tentacle)
Potions
 a - a potion of degeneration
 c - a potion of haste {unknown}
 d - a potion of mutation {unknown}


   Skills:
 + Level 1.2 Fighting
 + Level 2.4 Dodging
 - Level 2.6 Stealth
 + Level 2.3 Spellcasting
 * Level 4.5 Conjurations


You had 5 spell levels left.
You knew the following spells:

 Your Spells              Type           Power      Damage    Failure   Level
a - Magic Dart            Conj           84%        1d7       2%          1

Your spell library contained the following spells:

 Spells                   Type           Power      Damage    Failure   Level
 Searing Ray              Conj           42%        3d4       3%          2
 Dazzling Flash           Conj/Hex       24%        N/A       17%         3
 Fulminant Prism          Conj/Hex       6%         3d7       50%         4
 Iskenderun's Mystic Bla  Conj/Tloc      12%        2d5       50%         4


Dungeon Overview and Level Annotations

Branches:
Dungeon (2/15)

Altars:


Innate Abilities, Weirdness & Mutations

You cannot wear most types of armour.
You are amphibious.
You can wear up to eight rings at the same time.
Your skin changes colour to match your surroundings (Stealth+).
Your rubbery body absorbs attacks. (AC +1, EV +1)
((You are camouflaged near water. (Stealth+)))
You have tentacles for arms and can constrict up to eight enemies at once.


Message History

You are too injured to fight recklessly!
You are too injured to fight recklessly!
You are too injured to fight recklessly!
You are too injured to fight recklessly!
You are too injured to fight recklessly!
You are too injured to fight recklessly!
You closely miss the jackal. You grab the jackal.
The jackal is lightly wounded.
You constrict the jackal, but do no damage.
The jackal bites you.
You barely miss the jackal.
The jackal is lightly wounded.
You constrict the jackal. The jackal barely misses you.
The jackal closely misses you.
You tentacle-slap the jackal.
The jackal is severely wounded.
You constrict the jackal. The jackal bites you.
You tentacle-slap the jackal but do no damage.
The jackal is almost dead.
You constrict the jackal.
You kill the jackal!
You tentacle-slap the ball python but do no damage.
You grab the ball python. You constrict the ball python.
The ball python closely misses you. x2; The ball python barely misses you.
The ball python grabs you. The ball python constricts you.
You tentacle-slap the ball python but do no damage.
You squeeze the ball python.
You kill the ball python!
You barely miss the kobold. Your grab misses the kobold.
The kobold hits you with a +0 whip.
* * * LOW HITPOINT WARNING * * *
You tentacle-slap the kobold. You grab the kobold.
The kobold is moderately wounded.
You constrict the kobold. The kobold hits you with a +0 whip.
* * * LOW HITPOINT WARNING * * *
You tentacle-slap the kobold.
The kobold is severely wounded.
You constrict the kobold, but do no damage.
The kobold hits you with a +0 whip.
You die...

..#### .... #.#.<.. ....
#.#.#.## ... #.#.#.. †.#
#.#.#.# #S#####
####.#...# #K#...#
.....#.#.#######@#.#.###.
>........)...............
.........................
.#...###'#######.#.#.###.
.#...##...######.#.# #
.#..)##...##.....#.#
.#...##...##.#####.#
.#...##...##'## .#
.#...##.......# .#


You could see a ball python and a kobold.

Vanquished Creatures
  An adder (D:2)
  2 dart slugs (D:1)
  6 endoplasms
  2 giant cockroaches (D:1)
  2 goblins
  4 jackals (D:2)
  2 quokkas
  3 ball pythons
  5 bats (D:1)
  A frilled lizard (D:2)
  A kobold (D:2)
  5 rats (D:1)
34 creatures vanquished.

Notes
Turn   | Place    | Note
-------+----------+-------------------------------------------
     0 | D:1      | spiderkeys the Octopode Conjurer began the quest for the
                  | Orb.
     0 | D:1      | Reached XP level 1. HP: 11/11 MP: 3/3
   271 | D:1      | Reached XP level 2. HP: 18/18 MP: 1/5
   753 | D:1      | Reached XP level 3. HP: 22/22 MP: 2/6
  1110 | D:2      | Reached skill level 1 in Fighting
  1270 | D:2      | Slain by a kobold

Illustrated notes

Levels and vault maps discovered:
D:1:      dpeg_arrival_simpleton_a, layout_basic
D:2:      layout_basic, hellmonk_ecumenical_altar_blasted, uniq_terence

Skill      XL: |  1  2  3 |
---------------+----------+-----
Fighting       | 1 |  1.2
Dodging        | |  2.4
Stealth        | |  2.6
Spellcasting   | |  2.3
Conjurations   | |  4.5

Action                   || total
-------------------------++-------
Melee: Unarmed           ||    26
       Constrict         ||     6
       Tentacles         ||     1
 Cast: Magic Dart        ||    59
  Use: Scroll            ||     4
Armor: Skin              ||     2
Dodge: Dodged            ||    17

Table legend: (Time is in decaauts)
 A = Elapsed time spent in this place.
 B = Non-inter-level travel time spent in this place.
 C = Inter-level travel time spent in this place.
 D = Time resting spent in this place.
 E = Time spent auto-exploring this place.
 F = Levels seen in this place.
 G = Mean time per level.
                   A        B        C        D        E       F      G
               +--------+--------+--------+--------+--------+-----+--------+
         Total |   1269 |   1243 |     26 |      0 |   1106 |   2 |  634.5 |
       Dungeon |   1269 |   1243 |     26 |      0 |   1106 |   2 |  634.5 |
               +--------+--------+--------+--------+--------+-----+--------+

Top non-repeatable levels by time:
     D:1: 1086 daAuts
     D:2: 182 daAuts
